 Dungeon Crawl Stone Soup version 0.25-b1-39-g0d900dab71 (webtiles) character file.

Game seed: 12052067168652416238

484 gruber the Fighter (level 7, 0/49 HPs)
             Began as a Kobold Berserker on June 7, 2020.
             Was a Priest of Trog.
             Slain by a quokka (4 damage)
             ... on level 4 of the Dungeon.
             The game lasted 00:03:10 (3487 turns).

gruber the Fighter (Kobold Berserker)               Turns: 3487, Time: 00:03:11

Health: 0/49       AC:  2    Str: 16    XL:     7   Next: 35%
Magic:  7/7        EV: 15    Int:  9    God:    Trog [***...]
Gold:   110        SH:  0    Dex: 14    Spells: 6/6 levels left

rFire    . . .     SeeInvis .   a - +0 short sword
rCold    . . .     Gourm    .   (shield restricted)
rNeg     . . .     Faith    .   b - +0 animal skin
rPois    .         Spirit   .   (no helmet)
rElec    .         Reflect  .   (no cloak)
rCorr    .         Harm     .   (no gloves)
MR       ++...                  (no boots)
Stlth    ++........             (no amulet)
HPRegen  1.16/turn              m - ring of stealth
MPRegen  0.10/turn              (no ring)

@: lethally poisoned (0 -> 0), berserk cooldown, regenerating, slowed, very slow
A: small, carnivore
a: Berserk, Trog's Hand, Renounce Religion


You were on level 4 of the Dungeon.
You worshipped Trog.
Trog was most pleased with you.
You were very full.

You visited 1 branch of the dungeon, and saw 4 of its levels.

You collected 110 gold pieces.

Inventory:

Hand Weapons
 a - a +0 short sword (weapon)
Missiles
 d - 4 atropa-tipped darts (quivered)
Armour
 b - a +0 animal skin (worn)
Jewellery
 m - a ring of stealth (left hand)
Scrolls
 f - a scroll of enchant weapon {unknown}
 g - 2 scrolls of amnesia {unknown}
 h - 4 scrolls of blinking {unknown}
 j - 4 scrolls of remove curse {unknown}
 k - 2 scrolls of teleportation {unknown}
 l - a scroll of random uselessness {unknown}
 o - a scroll of fog {unknown}
 p - a scroll of fear {unknown}
 r - 2 scrolls of identify {unknown}
Potions
 e - a potion of might {unknown}
 i - a potion of haste {unknown}
 n - a potion of heal wounds {unknown}
 s - a potion of mutation {unknown}
Comestibles
 c - 9 rations
 q - 5 chunks of flesh


   Skills:
 - Level 8.1 Fighting
 * Level 5.2 Short Blades
 - Level 1.5 Armour
 - Level 2.4 Dodging


You had 6 spell levels left.
You didn't know any spells.
Your spell library was empty.

Dungeon Overview and Level Annotations

Branches:
Dungeon (4/15)             Temple (0/1) D:4

Altars:
Elyvilon
Fedhas
Gozag
Kikubaaqudgha
Makhleb
Ru
Uskayaw


Innate Abilities, Weirdness & Mutations

You are small and have problems with some larger weapons.
You are carnivorous and can eat meat at any time.


Message History

A quokka is nearby!
A quokka is nearby!
You hit the quokka.
The quokka is moderately wounded.
You hear the rusting of a very distant drain.
You feel sick. The quokka bites you.
* * * LOW HITPOINT WARNING * * *
You barely miss the quokka.
The quokka is moderately wounded.
You feel sick. The quokka closely misses you. The quokka bites you.
* * * LOW HITPOINT WARNING * * *
You hit the quokka.
The quokka is severely wounded.
The quokka barely misses you.
Your skin crawls.
You feel resistant to hostile enchantments.
You feel somewhat less full.
You feel sick. The quokka bites you.
* * * LOW HITPOINT WARNING * * *
The quokka bites you.
You die...

......# ..
......#########...
.................#
.........)........
##....###.######.#
##.#### #.# #.# #
##.######.######.###.###
..).....................
#########.#####.@r#####
# #.# #......... # ...
#......... # ....
#......... # .....
####...... # ####.##
###### # #. # ##
#########


You could see a quokka.

Vanquished Creatures
  Sigmund (D:3)
  Purgy (D:3)
  A scorpion (D:4)
  A centaur skeleton (D:2)
  An orc wizard (D:4)
  6 adders
  3 dart slugs
  3 worms
  2 leopard geckos
  5 orcs
  2 ball pythons
  2 giant cockroaches
  7 goblins
  7 hobgoblins
  2 jackals (D:1)
  2 quokkas (D:3)
  7 bats
  5 frilled lizards
  7 kobolds
  11 rats
76 creatures vanquished.

Vanquished Creatures (others)
  A plant (D:3)
1 creature vanquished.

Grand Total: 77 creatures vanquished

Notes
Turn   | Place    | Note
-------+----------+-------------------------------------------
     0 | D:1      | gruber the Kobold Berserker began the quest for the Orb.
     0 | D:1      | Reached XP level 1. HP: 14/14 MP: 1/1
    40 | D:1      | Reached XP level 2. HP: 12/20 MP: 2/2
    69 | D:1      | Reached skill level 4 in Fighting
   601 | D:1      | Reached ** piety under Trog
   621 | D:1      | Reached XP level 3. HP: 24/24 MP: 3/3
  1039 | D:2      | Found a sacrificial altar of Ru.
  1039 | D:2      | Found an opulent altar of Gozag.
  1039 | D:2      | Found a burning altar of Makhleb.
  1040 | D:2      | Found a blossoming altar of Fedhas.
  1194 | D:2      | Reached skill level 5 in Fighting
  1200 | D:2      | Reached XP level 4. HP: 24/31 MP: 4/4
  1664 | D:2      | Found a white marble altar of Elyvilon.
  1671 | D:2      | Reached XP level 5. HP: 36/36 MP: 5/5
  1992 | D:3      | Reached skill level 6 in Fighting
  2320 | D:3      | Found an ancient bone altar of Kikubaaqudgha.
  2320 | D:3      | Noticed Sigmund
  2341 | D:3      | Killed Sigmund
  2341 | D:3      | Reached skill level 7 in Fighting
  2341 | D:3      | Reached XP level 6. HP: 44/44 MP: 6/6
  2471 | D:3      | HP: 2/44 [poisoned by an adder]
  2975 | D:3      | Found a hide-covered altar of Uskayaw.
  2975 | D:3      | Noticed a +0 hand axe
  2975 | D:3      | Noticed a +0 dagger
  3024 | D:3      | Reached *** piety under Trog
  3061 | D:3      | Noticed Purgy
  3230 | D:3      | Killed Purgy
  3230 | D:3      | Reached skill level 8 in Fighting
  3230 | D:3      | Reached XP level 7. HP: 49/49 MP: 7/7
  3376 | D:4      | Found a staircase to the Ecumenical Temple.
  3477 | D:4      | Reached skill level 5 in Short Blades
  3487 | D:4      | Slain by a quokka

Illustrated notes

Levels and vault maps discovered:
D:1:      lightli_iron_boxes, layout_rooms
D:2:      layout_loops_cross, lemuel_coloured_pillars_altar,
          chequers_temple_overflow_statue_of_worship, minmay_strange_pillars
D:3:      layout_basic, dancing_weapons_uskayaw, kiku_gazebo_pond_becter,
          serial_forest, infiniplex_forest_clump_small, infiniplex_forest_end_1,
          infiniplex_forest_lined_ring, infiniplex_forest_end_3,
          minmay_misc_feat_square, minmay_misc_feat_diagonals,
          grunt_ministairs_3, uniq_sigmund, uniq_purgy
D:4:      layout_basic, minmay_temple_entry_wispy, portal_sewer_entry_b,
          kennysheep_generic_room_4

Skill      XL: |  1  2  3  4  5  6  7 |
---------------+----------------------+-----
Fighting       | 4 5 7 8 |  8.1
Short Blades   | 5 |  5.2
Armour         | |  1.5
Dodging        | |  2.4

Action                   |  1- 3 |  4- 6 |  7- 9 || total
-------------------------+-------+-------+-------++-------
Melee: Short sword       |   100 |   142 |    36 ||   278
Invok: Berserk           |     2 |     3 |     2 ||     7
       Trog's Hand       |       |     2 |     1 ||     3
 Stab: Sleeping          |     2 |     2 |     1 ||     5
  Eat: Chunk             |    10 |     9 |     4 ||    23
Armor: Animal skin       |    16 |    15 |       ||    31
Dodge: Dodged            |    70 |    89 |    23 ||   182
